 Dungeon Crawl Stone Soup version 0.26-a0-682-g294304f6e8 (webtiles) character file.

Game seed: 13907872934864298297

1701 kmckee the Archer (level 8, -10/73 HPs)
             Began as a Minotaur Hunter on Oct 20, 2020.
             Was a Follower of Okawaru.
             Shot with a sling bullet by Joseph (20 damage)
             ... on level 8 of the Dungeon.
             The game lasted 00:16:59 (9567 turns).

kmckee the Archer (Minotaur Hunter)                 Turns: 9567, Time: 00:17:00

Health: -10/73     AC:  9    Str: 18    XL:     8   Next: 73%
Magic:  9/9        EV:  8    Int: 14    God:    Okawaru [*.....]
Gold:   488        SH:  0    Dex: 18    Spells: 7/7 levels left

rFire    + . .     SeeInvis .   b - +0 long sword
rCold    + . .     Faith    .   (no shield)
rNeg     . . .     Spirit   .   w - +0 chain mail
rPois    .         Reflect  .   (helmet restricted)
rElec    .         Harm     .   v - scarf {rC+ rF+}
rCorr    .         Rampage  .   (no gloves)
MR       .....                  (no boots)
Stlth    ..........             q - amulet of magic regeneration
HPRegen  0.22/turn              i - +6 ring of dexterity
MPRegen  0.36/turn              o - +6 ring of intelligence

@: no status effects
A: retaliatory headbutt, horns 2
a: Heroism, Renounce Religion


You were on level 8 of the Dungeon.
You worshipped Okawaru.
Okawaru was aware of your devotion.
You visited 2 branches of the dungeon, and saw 9 of its levels.

You collected 488 gold pieces.

Inventory:

Hand Weapons
 a - a +1 shortbow
 b - a +0 long sword (weapon)
Missiles
 s - 6 arrows
Armour
 v - a scarf of resistance (worn)
 w - a +0 chain mail (worn)
Jewellery
 i - a +6 ring of dexterity (left hand)
 o - a +6 ring of intelligence (right hand)
 q - an amulet of magic regeneration (around neck)
Scrolls
 d - a scroll of magic mapping {unknown}
 e - a scroll of amnesia {unknown}
 f - a scroll of teleportation
 g - a scroll of remove curse
 j - 3 scrolls of enchant weapon
 y - 3 scrolls of fog
 z - a scroll of fear
Potions
 c - 3 potions of lignification {unknown}
 h - 3 potions of cancellation
 k - 3 potions of curing
 l - 4 potions of stabbing
 m - 2 potions of flight
 n - 2 potions of berserk rage
 p - 3 potions of haste {unknown}
 t - a potion of magic {unknown}
 u - 2 potions of heal wounds
 x - a potion of might {unknown}


   Skills:
 + Level 7.5 Fighting
 * Level 10.2 Bows
 + Level 3.3 Armour
 - Level 2.1 Dodging
 - Level 0.7 Stealth
 + Level 2.8 Invocations


You had 7 spell levels left.
You didn't know any spells.
Your spell library contained the following spells:

 Spells                   Type           Power        Failure   Level
 Animate Skeleton         Necr           #.....       98%         1
 Apportation              Tloc           #.....       98%         1
 Corona                   Hex            #......      98%         1
 Summon Small Mammal      Summ           #...         98%         1


Dungeon Overview and Level Annotations

Branches:
Dungeon (8/15)             Temple (1/1) D:6
   Lair: D:8-11

Altars:
Ashenzari
Cheibriados
Elyvilon
Fedhas
Kikubaaqudgha
Okawaru
Qazlal
Sif Muna
Yredelemnul
Zin
The Shining One

Shops:
D:4 *

Portals:
Abyss: D:3

Annotations:
D:3 2 transporters, Ijyb; somkeydreadnuts's ghost, amateur DEVM
D:4 Dowan; Duvessa
D:8 Joseph


Innate Abilities, Weirdness & Mutations

You reflexively headbutt those who attack you in melee.
You have a pair of horns on your head.


Message History

You see here a sling bullet.
You are too injured to fight recklessly!
Joseph unwields a +0 hunting sling.
Joseph wields a +0 quarterstaff.
Joseph hits you with a +0 quarterstaff.
You hit Joseph but do no damage.
Joseph is lightly wounded.
Joseph closely misses you.
You hit Joseph. You headbutt Joseph!
Joseph is moderately wounded.
Joseph hits you with a +0 quarterstaff!
* * * LOW HITPOINT WARNING * * *
You hit Joseph.
Joseph is moderately wounded.
Joseph hits you with a +0 quarterstaff!
* * * LOW HITPOINT WARNING * * *
Press: ? - help, Dir - move target cursor
As you read the scroll of blinking, it crumbles to dust.
Joseph unwields a +0 quarterstaff.
Joseph wields a +0 hunting sling.
Joseph shoots a sling bullet.
The sling bullet hits you!!
You die...

######## #......# #.####.#
########### #.# #.#
#.........###.####.#######
#.#######.....@..........#
#.# #........#.#####.# #.#
#####..........#####.###
#.#
#.........(....#.......#
#.#
#.###[...ยง@...##.###.#.#
#.###.###<(((....###.#
#.#.# #............((..#
#.# #.#.####
#######.#.......(#
#.###......#
#.########(###.......##.#


You could see Joseph.

Vanquished Creatures
  Eustachio (D:6)
  A sky beast (D:6)
  An ice beast (D:7)
  A black bear (D:6)
  An orc warrior (D:7)
  A phantom (D:5)
  A centaur (D:5)
  2 lemures
  A bullfrog (D:6)
  2 scorpions
  A howler monkey (D:5)
  2 centaur zombies
  4 orc priests
  2 hounds
  A centaur skeleton (D:6)
  4 worker ants
  5 orc wizards
  An iguana (D:5)
  A killer bee zombie (D:5)
  A worker ant zombie (D:7)
  3 gnolls
  6 adders
  A shadow imp (D:4)
  6 white imps
  An adder zombie (D:5)
  4 worms
  2 dart slugs (D:2)
  5 leopard geckos
  28 orcs
  6 bats
  4 giant cockroaches
  4 goblins
  7 hobgoblins
  5 jackals
  4 kobolds
  6 frilled lizards
  A leopard gecko skeleton (D:5)
  A rat (D:2)
128 creatures vanquished.

Vanquished Creatures (others)
  14 fungi (D:8)
  11 plants (D:8)
25 creatures vanquished.

Grand Total: 153 creatures vanquished

Notes
Turn   | Place    | Note
-------+----------+-------------------------------------------
     0 | D:1      | kmckee the Minotaur Hunter began the quest for the Orb.
     0 | D:1      | Reached XP level 1. HP: 18/18 MP: 0/0
   181 | D:1      | Reached XP level 2. HP: 25/25 MP: 1/1
   634 | D:2      | Reached skill level 5 in Bows
   682 | D:2      | Reached XP level 3. HP: 27/31 MP: 2/2
  1408 | D:2      | Reached XP level 4. HP: 38/38 MP: 3/3
  1410 | D:2      | Found a blossoming altar of Fedhas.
  1730 | D:3      | Noticed Ijyb
  2025 | D:3      | Found a transporter.
  2125 | D:3      | Noticed somkeydreadnuts's ghost (amateur DEVM)
  2177 | D:3      | Noticed a small abomination
  2178 | D:3      | Noticed a big kobold
  2188 | D:3      | Found a transporter.
  2213 | D:3      | Found a one-way gate to the infinite horrors of the Abyss.
  2429 | D:3      | Reached skill level 6 in Bows
  2751 | D:3      | Reached XP level 5. HP: 46/46 MP: 4/4
  2947 | D:4      | Found Lowaecisk's Assorted Antiques.
  2978 | D:4      | Found a glowing silver altar of Zin.
  3692 | D:4      | Found a basalt altar of Yredelemnul.
  3697 | D:4      | Found a glowing golden altar of the Shining One.
  3697 | D:4      | Noticed Duvessa
  3697 | D:4      | Noticed Dowan
  4029 | D:4      | Noticed an angel
  4432 | D:5      | Entered Level 5 of the Dungeon
  4432 | D:5      | Noticed a phantom
  4457 | D:5      | Killed a phantom
  4457 | D:5      | Reached skill level 7 in Bows
  4457 | D:5      | Reached XP level 6. HP: 54/55 MP: 3/5
  4462 | D:5      | Reached skill level 5 in Fighting
  5139 | D:5      | Reached skill level 8 in Bows
  5182 | D:5      | Found a snail-covered altar of Cheibriados.
  5210 | D:5      | Reached XP level 7. HP: 32/62 MP: 3/6
  6197 | D:6      | Found a staircase to the Ecumenical Temple.
  6217 | D:6      | Reached skill level 9 in Bows
  6234 | Temple   | Entered the Ecumenical Temple
  6318 | Temple   | Became a worshipper of Warmaster Okawaru
  6743 | D:6      | Reached skill level 1 in Armour
  6743 | D:6      | Reached XP level 8. HP: 71/71 MP: 7/7
  6783 | D:6      | Reached skill level 1 in Invocations
  7064 | D:6      | Noticed Eustachio
  7089 | D:6      | Killed Eustachio
  7089 | D:6      | Reached * piety under Okawaru
  7996 | D:7      | Reached skill level 10 in Bows
  9078 | D:8      | Noticed Joseph
  9084 | D:8      | Noticed a komodo dragon
  9567 | D:8      | Shot with a sling bullet by Joseph

Illustrated notes

Levels and vault maps discovered:
D:1:      dpeg_arrival_fog, layout_loops_ring
D:2:      layout_loops_ring, overflow_temple_1_default
D:3:      layout_basic, gammafunk_ghost_abyssal_escape, lemuel_another_geyser,
          uniq_ijyb
D:4:      layout_loops_ring, grunt_temple_overflow_holy_war,
          nicolae_overflow_crystal_walls, serial_shops, nicolae_shop_trees,
          serial_bayou_pond_d, uniq_duvessa
D:5:      layout_rooms, kennysheep_mini
D:6:      layout_basic, minmay_temple_entry_sparse_star, uniq_eustachio
D:7:      layout_basic, nicolae_overflow_hidden_temple
D:8:      kennysheep_blocky_room, layout_loops_corners,
          grunt_lair_entry_orc_guard_hut, minmay_unpleasant_kobolds, uniq_pikel,
          uniq_maurice, uniq_joseph
Temple:   dshaligram_water_room_temple

Skill      XL: |  1  2  3  4  5  6  7  8 |
---------------+-------------------------+-----
Fighting       | 3 4 5 6 7 |  7.5
Bows           | 5 6 7 8 9 10 | 10.2
Armour         | 1 3 |  3.3
Invocations    | 2 |  2.8
Dodging        | |  2.1
Stealth        | |  0.7

Action                   |  1- 3 |  4- 6 |  7- 9 || total
-------------------------+-------+-------+-------++-------
Melee: Short sword       |     6 |    88 |     8 ||   102
       Headbutt          |     2 |    23 |    30 ||    55
       Long sword        |       |       |   102 ||   102
 Fire: Shortbow          |    60 |    95 |   145 ||   300
  Use: Potion            |       |     1 |     1 ||     2
       Scroll            |       |     4 |    10 ||    14
Armor: Scale mail        |     9 |    34 |    15 ||    58
       Chain mail        |       |       |    79 ||    79
Dodge: Dodged            |    15 |    70 |    82 ||   167
       Rpst.: Long sword |       |       |    15 ||    15

Table legend: (Time is in decaauts)
 A = Elapsed time spent in this place.
 B = Non-inter-level travel time spent in this place.
 C = Inter-level travel time spent in this place.
 D = Time resting spent in this place.
 E = Time spent auto-exploring this place.
 F = Levels seen in this place.
 G = Mean time per level.
                   A        B        C        D        E       F      G
               +--------+--------+--------+--------+--------+-----+--------+
         Total |   9574 |   8763 |    811 |   1757 |   5859 |   9 | 1063.8 |
       Dungeon |   9480 |   8677 |    803 |   1757 |   5780 |   8 | 1185.0 |
        Temple |     93 |     85 |      8 |      0 |     79 |   1 |   93.0 |
               +--------+--------+--------+--------+--------+-----+--------+

Top non-repeatable levels by time:
     D:4: 1948 daAuts
     D:7: 1687 daAuts
     D:6: 1540 daAuts
     D:5: 1122 daAuts
     D:2: 974 daAuts
     D:3: 919 daAuts
     D:1: 894 daAuts
     D:8: 392 daAuts
  Temple: 93 daAuts
